 Dungeon Crawl Stone Soup version 0.27-a0-1060-gcb85b5eba1 (webtiles) character file.

Game seed: 10291784387154526676

28 kae the Ruffian (level 3, 0/31 HPs)
             Began as a Naga Transmuter on Apr 21, 2021.
             Succumbed to an adder's poison
             ... on level 2 of the Dungeon.
             The game lasted 00:01:21 (884 turns).

kae the Ruffian (Naga Transmuter)                    Turns: 884, Time: 00:01:21

Health: 0/31       AC:  2    Str: 13    XL:     3   Next: 12%
Magic:  6/6        EV: 10    Int: 13    God:
Gold:   37         SH:  0    Dex: 11    Spells: 5/6 levels left

rFire    . . .     SeeInvis +     - Unarmed
rCold    . . .     Faith    .   (no shield)
rNeg     . . .     Spirit   .   a - +0 robe
rPois    +         Reflect  .   (no helmet)
rElec    .         Harm     .   (no cloak)
rCorr    .         Rampage  .   (no gloves)
Will     .....                  (no barding)
Stlth    +.........             e - amulet of the acrobat
HPRegen  0.10/turn              (no ring)
MPRegen  0.10/turn              (no ring)

@: lethally poisoned (0 -> -4), short of breath, attractive, hasted, quick
A: AC +1, large, see invisible, deformed body, poison resistance, slowness 2,
spit poison 1, naga tail 1
a: Spit Poison


You were on level 2 of the Dungeon.
You visited 1 branch of the dungeon, and saw 2 of its levels.

You collected 37 gold pieces.

Inventory:

Armour
 a - a +0 robe (worn)
Jewellery
 e - an amulet of the acrobat (around neck)
Scrolls
 d - 2 scrolls of identify {unknown}
 f - a scroll of magic mapping {unknown}
 h - a scroll of enchant armour {unknown}
Potions
 g - a potion of cancellation {unknown}


   Skills:
 + Level 1.4 Fighting
 + Level 1.7 Dodging
 * Level 3.3 Unarmed Combat
 + Level 2.1 Spellcasting
 * Level 2.5 Transmutations


You had 5 spell levels left.
You knew the following spells:

 Your Spells              Type           Power      Damage    Failure   Level
a - Beastly Appendage     Tmut           16%        N/A       9%          1

Your spell library contained the following spells:

 Spells                   Type           Power      Damage    Failure   Level
 Wereblood                Tmut           8%         N/A       13%         2
 Spider Form              Tmut/Pois      2%         N/A       41%         3
 Ice Form                 Ice/Tmut       4%         N/A       83%         4
 Hydra Form               Tmut           4%         N/A       94%         5


Dungeon Overview and Level Annotations

Branches:
Dungeon (2/15)

Altars:
Xom


Innate Abilities, Weirdness & Mutations

Your serpentine skin is tough. (AC +1)
You have supernaturally acute eyesight. (SInv)
Armour fits poorly on your strangely shaped body.
Your system is resistant to poisons. (rPois)
You cover ground very slowly.
You can spit poison.
You have a snake-like lower body.


Message History

A ball python comes into view.
You hear a shout!
You hit the adder.
The adder is severely wounded.
The adder bites you.
You are poisoned.
The adder poisons you!
You hit the adder but do no damage.
The adder is severely wounded.
You feel sick. The adder completely misses you.
The kobold throws a stone.
The stone closely misses you. The adder bites you.
You are more poisoned.
The adder poisons you!
You barely miss the adder.
The adder is severely wounded.
You feel very sick. The adder bites you.
You closely miss the adder.
The adder is severely wounded.
You feel sick. The adder bites you.
Your magical contamination has completely faded away.
You have got your breath back.
* * * LOW HITPOINT WARNING * * *
You feel very sick. The adder misses you.
Abil: Spit Poison
Press: ? - help, Q - select action, (/) - cycle Shift-Dir - straight line, f/p - adder
Aim: an adder (heavily wounded)
The splash of poison misses the adder.
You feel sick. The adder bites you.
* * * LOW HITPOINT WARNING * * *
It was a potion of attraction.
You feel attractive to monsters.
* * * LOW HITPOINT WARNING * * *
You feel sick. The adder bites you.
* * * LOW HITPOINT WARNING * * *
The adder bites you.
* * * LOW HITPOINT WARNING * * *
It was a potion of haste.
You feel yourself speed up.
You die...

#.# .###########.#
.............##
###########...###
#......### ##.#.##..<####
#..#.####....# #..#..#
####.### #@....# #...###
#######S#...# ###....
#.....KK....# ##...
.........##..# ### ##....
....#....#.......###.....
##.....###..####...#.....
..... #.... ..#.#.....
S...... #...###.#.##....
........##......[#.......


You could see an adder and 2 kobolds.

Vanquished Creatures
  An adder (D:2)
  An endoplasm (D:2)
  A giant cockroach (D:2)
  6 goblins
  2 hobgoblins
  2 ball pythons
  2 frilled lizards
  2 rats
17 creatures vanquished.

Vanquished Creatures (others)
  3 toadstools (D:1)
3 creatures vanquished.

Grand Total: 20 creatures vanquished

Notes
Turn   | Place    | Note
-------+----------+-------------------------------------------
     0 | D:1      | kae the Naga Transmuter began the quest for the Orb.
     0 | D:1      | Reached XP level 1. HP: 18/18 MP: 3/3
   119 | D:1      | Reached XP level 2. HP: 7/25 MP: 3/5
   437 | D:1      | You fall into a shaft and drop 1 floor!
   656 | D:2      | Found a shimmering altar of Xom.
   671 | D:2      | Reached XP level 3. HP: 17/31 MP: 4/6
   883 | D:2      | HP: 1/31 [adder (2)]
   884 | D:2      | Succumbed to an adder's poison

Illustrated notes

Levels and vault maps discovered:
D:1:      dpeg_arrival_refuge, layout_basic, minmay_gold_behind_fungi,
          glass_columns_c
D:2:      layout_rooms, basic_altar, minmay_tromino_i4

Action                   || total
-------------------------++-------
Melee: Unarmed           ||    37
       Headbutt          ||     3
 Cast: Beastly Appendage ||     8
 Abil: Spit Poison       ||    14
  Use: Potion            ||     2
Armor: Robe              ||     2
Dodge: Dodged            ||    16

Table legend: (Time is in decaauts)
 A = Elapsed time spent in this place.
 B = Non-inter-level travel time spent in this place.
 C = Inter-level travel time spent in this place.
 D = Time resting spent in this place.
 E = Time spent auto-exploring this place.
 F = Levels seen in this place.
 G = Mean time per level.
                   A        B        C        D        E       F      G
               +--------+--------+--------+--------+--------+-----+--------+
         Total |    966 |    966 |      0 |    241 |    596 |   2 |  483.0 |
       Dungeon |    966 |    966 |      0 |    241 |    596 |   2 |  483.0 |
               +--------+--------+--------+--------+--------+-----+--------+

Top non-repeatable levels by time:
     D:1: 487 daAuts
     D:2: 478 daAuts
